 Dungeon Crawl Stone Soup version 0.21.0 (webtiles) character file.

188043 magipi the Markscentaur (level 17, -1/141 HPs)
             Began as a Centaur Berserker on Jan 5, 2018.
             Was the Champion of Trog.
             Slain by an orc warrior
             ... wielding a +0 war axe
              (17 damage)
             ... on level 1 of the Vaults on Jan 6, 2018.
             The game lasted 02:48:27 (38156 turns).

magipi the Markscentaur (Centaur Berserker)        Turns: 38156, Time: 02:48:28

Health: -1/141     AC: 15    Str: 21    XL:     17   Next: 46%
Magic:  25/25      EV:  6    Int:  6    God:    Trog [******]
Gold:   1380       SH:  0    Dex: 15    Spells: 16/16 levels left

rFire    + . .     SeeInvis .   a - +3 demon trident (flame)
rCold    + . .     Gourm    .   (no shield)
rNeg     + . .     Faith    .   o - +2 gold dragon scales
rPois    +         Spirit   .   (no helmet)
rElec    .         Reflect  .   l - +1 cloak
rCorr    .         Harm     .   A - +1 pair of gloves
MR       +....                  (no barding)
Stlth    ..........             r - amulet of regeneration
HPRegen  0.73/turn              n - ring of positive energy
MPRegen  0.19/turn              E - +5 ring of protection

@: about to teleport, corroded, very quick
A: large, hooves 3, deformed body, speed 2, tough skin 3
}: 1/15 runes: decaying
a: Berserk, Trog's Hand, Brothers in Arms, Burn Spellbooks, Renounce Religion


You were on level 1 of the Vaults.
You worshipped Trog.
Trog was exalted by your worship.
You were hungry.

You visited 5 branches of the dungeon, and saw 28 of its levels.
You also visited: Labyrinth, Sewer and Volcano.

You collected 2920 gold pieces.
You spent 1540 gold pieces at shops.

Inventory:

Hand Weapons
 a - a +3 demon trident of flaming (weapon)
   (You found it in a volcano)
 b - a +4 longbow of flaming
   (You took it off a centaur warrior on level 14 of the Dungeon)
Missiles
 I - 240 arrows
 P - 4 throwing nets (quivered)
Armour
 l - a +1 cloak (worn)
   (You took it off Maurice on level 2 of the Orcish Mines)
 o - +2 gold dragon scales (worn)
   (You found it on level 14 of the Dungeon)
 A - a +1 pair of gloves (worn)
   (You found it on level 7 of the Dungeon)
Jewellery
 c - an uncursed ring of protection from cold
   (You found it on level 4 of the Lair of Beasts)
 f - an uncursed ring of protection from fire
   (You found it in a labyrinth)
 n - a ring of positive energy (left hand)
   (You found it on level 7 of the Dungeon)
 r - an amulet of regeneration (around neck)
   (You found it on level 1 of the Lair of Beasts)
 E - a +5 ring of protection (right hand)
   (You found it on level 11 of the Dungeon)
Wands
 e - a wand of polymorph (83)
   (You took it off Pikel on level 8 of the Dungeon)
 i - a wand of iceblast (20)
   (You found it on level 6 of the Dungeon)
 y - a wand of scattershot (2)
   (You took it off an orc on level 6 of the Dungeon)
 z - a wand of flame (95)
   (You found it on level 7 of the Dungeon)
 C - a wand of disintegration (41)
   (You found it on level 3 of the Lair of Beasts)
 M - a wand of acid (12)
   (You found it in a labyrinth)
 N - a wand of clouds (11)
   (You found it in a labyrinth)
 O - a wand of paralysis (32)
   (You bought it in a shop on level 2 of the Orcish Mines)
Scrolls
 d - 6 scrolls of fear
 g - a scroll of remove curse
 j - 7 scrolls of identify
 k - 5 scrolls of noise
 u - 7 scrolls of teleportation
 x - a scroll of blinking
 B - 3 scrolls of vulnerability
 H - a scroll of summoning
 K - 2 scrolls of magic mapping
 S - 3 scrolls of enchant weapon
Potions
 h - 5 potions of flight
 m - 2 potions of invisibility
 p - 9 potions of heal wounds
 q - 4 potions of resistance
 s - a potion of cancellation
 t - 2 potions of mutation
 v - 5 potions of agility
 w - 6 potions of curing
 D - 8 potions of haste
 F - 6 potions of lignification
 J - 10 potions of might
 L - 2 potions of ambrosia
Comestibles
 G - 38 rations
 Q - 2 chunks of flesh


   Skills:
 - Level 10.4 Fighting
 - Level 14.0 Polearms
 + Level 16.1 Bows
 + Level 11.9 Armour
 - Level 9.3 Dodging
 - Level 11.0 Evocations


You had 16 spell levels left.
You didn't know any spells.

Dungeon Overview and Level Annotations

Branches:
Dungeon (15/15)            Temple (0/1) D:7            Lair (6/6) D:9
  Swamp (4/4) Lair:2       Spider (0/4) Lair:4        Slime (0/5) Lair:6
    Orc (2/2) D:9             Elf (0/3) Orc:2        Vaults (1/5) D:14
 Depths (0/5) D:15

Altars:
Cheibriados
Dithmenos
Elyvilon
Fedhas
Okawaru
Qazlal
Ru
Uskayaw
Wu Jian
Xom
Yredelemnul
Zin
The Shining One

Shops:
D:13 %   D:14 !!   Orc:2 }[*}

Annotations:
D:9 Erolcha
Orc:1 Snorg


Innate Abilities, Weirdness & Mutations

You have hooves in place of feet.
Armour fits poorly on your strangely shaped body.
You cover ground very quickly.
You have extremely tough skin. (AC +3)


Message History

A yaktaur captain comes into view.
The yaktaur captain shouts!
You hear a shout!
A redback comes into view.
The ironbrand convoker begins to recite a word of recall!
You hit the ironbrand convoker but do no damage.
You kick the ironbrand convoker, but do no damage.
Unknown command.
You hit the ironbrand convoker but do no damage.
Your kick misses the ironbrand convoker.
The entropy weaver hits you but does no damage.
The entropy weaver hits you.
The entropy weaver hits you but does no damage. x2
The swamp dragon bites you.
The swamp dragon claws you but does no damage.
The swamp dragon tramples you but does no damage.
You hit the ironbrand convoker but do no damage.
You kick the ironbrand convoker!
The ironbrand convoker is lightly wounded.
The entropy weaver hits you but does no damage.
The entropy weaver hits you.
The entropy weaver hits you but does no damage. x2
You puncture the ironbrand convoker! You burn the ironbrand convoker.
The ironbrand convoker is heavily wounded.
The swamp dragon bites you. The swamp dragon claws you.
The swamp dragon tramples you but does no damage.
Unknown command.
You hit the ironbrand convoker but do no damage.
The ironbrand convoker is heavily wounded.
The yaktaur is recalled.
The orc warrior is recalled.
The ogre is recalled.
The yaktaur is recalled.
The ironbrand convoker is recalled.
The yaktaur hits you!
An ironbrand convoker comes into view. It is wielding a dire flail.
The ironbrand convoker casts a spell at the orc warrior.
The orc warrior seems to grow stronger.
The entropy weaver hits you but does no damage.
The entropy weaver hits you. The entropy weaver barely misses you.
The entropy weaver completely misses you.
An orc warrior and 2 yaktaurs come into view.
You puncture the ironbrand convoker! You burn the ironbrand convoker.
You kick the ironbrand convoker, but do no damage.
The ironbrand convoker is severely wounded.
The swamp dragon bites you but does no damage.
The swamp dragon barely misses you. The swamp dragon tramples you.
You hold your ground!
The redback barely misses you.
The entropy weaver hits you but does no damage.
The entropy weaver hits you.
The entropy weaver hits you but does no damage. x2
The yaktaur hits you.
The ironbrand convoker points at the ogre and mumbles some strange words.
The ogre seems to grow stronger.
You hit the ironbrand convoker. You burn the ironbrand convoker.
Your kick misses the ironbrand convoker.
The ironbrand convoker is severely wounded.
The ironbrand convoker hits you with a great mace!!
The orc warrior hits you with a war axe!
The swamp dragon barely misses you.
The swamp dragon claws you but does no damage.
The swamp dragon barely misses you.
The redback bites you but does no damage.
Unknown command.
As you read the scroll of teleportation, it crumbles to dust.
You feel strangely unstable.
The entropy weaver hits you but does no damage. x2
The entropy weaver hits you. x2
The yaktaur hits you but does no damage.
The redback closely misses you.
The ironbrand convoker points at the yaktaur and mumbles some strange words.
The yaktaur seems to grow stronger.
The swamp dragon closely misses you.
The swamp dragon claws you but does no damage.
The swamp dragon tramples you!
You hold your ground!
The ogre hits you with a giant club.
* * * LOW HITPOINT WARNING * * *
The entropy weaver hits you.
* * * LOW HITPOINT WARNING * * *
The entropy weaver hits you but does no damage. x3
The orc warrior hits you with a war axe!
* * * LOW HITPOINT WARNING * * *
The redback bites you!
* * * LOW HITPOINT WARNING * * *
The yaktaur wields an arbalest.
The yaktaur shoots a bolt.
The bolt hits you.
* * * LOW HITPOINT WARNING * * *
The ironbrand convoker points at the ironbrand convoker and mumbles some strange words.
The ironbrand convoker seems to grow stronger.
The yaktaur shouts!
A yaktaur comes into view.
The yaktaur shouts!
You see here a bolt.
You feel much better.
You hear a shout! x3
The entropy weaver gestures wildly while chanting.
The entropic weave corrodes you!
The redback bites you but does no damage.
The ironbrand convoker hits you with a great mace!!
* * * LOW HITPOINT WARNING * * *
The swamp dragon bites you but does no damage.
The swamp dragon barely misses you.
The swamp dragon tramples you but does no damage.
The yaktaur moves out of view.
The orc warrior hits you with a war axe!
You die...

######
###....#
#......#
#......######
#.._..p.....#
#...........#
#...op..>...+
#.#.@Occ....#
#...sDa.....#
###..c......#
#.........#
#####'#'###
.#... .. ##.
... .c.# #.


You could see a yaktaur captain, an entropy weaver, a swamp dragon, 2 ironbrand
convokers, 2 yaktaurs, an orc warrior, a redback and an ogre.

Vanquished Creatures
  the Lernaean hydra (Swamp:4)
  A thorn hunter (Swamp:4)
  Kirke (D:12)
  A vault warden (D:14)
  A very ugly thing (Swamp:1)
  An ogre mage (Vaults:1)
  8 vault guards (D:14)
  A minotaur (Lab)
  A rakshasa (D:15)
  20 hydras
  4 centaur warriors
  3 ghost crabs
  8 alligators
  11 two-headed ogres
  7 death yaks
  3 orc high priests (Orc:2)
  A salamander mystic (Volcano)
  4 skeletal warriors (D:11)
  A spriggan druid (Swamp:3)
  3 unseen horrors
  A glowing orange brain (D:15)
  2 shambling mangroves
  Pikel (D:8)
  14 swamp dragons
  2 deep elf magi
  2 wolf spiders (D:15)
  6 orc knights
  8 orc sorcerers
  7 cyclopes
  4 ugly things
  3 manticores
  3 salamanders (Volcano)
  A guardian serpent (shapeshifter) (D:15)
  Maurice (Orc:2)
  2 black mambas (Lair:5)
  10 elephants
  3 torpor snails
  21 spiny frogs
  An efreet (D:14)
  2 kobold demonologists
  4 rime drakes
  3 komodo dragons
  A yaktaur (D:14)
  4 trolls
  A queen bee (shapeshifter) (D:13)
  6 polar bears (Lair:6)
  11 hornets
  7 tyrant leeches
  11 blink frogs
  A raiju (shapeshifter) (D:15)
  21 slime creatures
  A dream sheep (Lair:6)
  9 hippogriffs
  A bog body (Swamp:2)
  A centaur simulacrum (D:15)
  2 shadows
  A redback (D:14)
  11 spriggans
  A wyvern (Lair:2)
  75 yaks
  6 hogs
  A human (D:8)
  3 steam dragons
  2 basilisks (Lair:3)
  2 hungry ghosts
  18 vampire mosquitoes
  5 wargs
  19 swamp worms
  3 acid dragons
  13 insubstantial wisps
  4 porcupines
  11 water moccasins
  5 ice beasts
  6 swamp drakes (Swamp:4)
  5 sky beasts
  28 orc warriors
  2 black bears (Lair:6)
  An eye of draining (D:14)
  2 slaves (D:8)
  19 wolves
  13 ogres
  5 boggarts (Lair:6)
  14 centaurs
  14 crocodiles
  2 big kobolds
  20 bullfrogs
  A wyvern zombie (D:11)
  2 wyvern skeletons
  A water moccasin zombie (D:9)
  6 scorpions
  4 wights (D:13)
  5 crimson imps
  3 centaur zombies
  2 quasits
  2 bullfrog zombies
  21 orc priests
  6 hounds
  5 jellies
  2 bullfrog skeletons
  Jessica (D:3)
  A centaur skeleton (D:11)
  24 orc wizards
  4 worker ants
  3 iguanas
  A merfolk siren (Sewer)
  A merfolk avatar (Sewer)
  A killer bee zombie (D:8)
  A hound skeleton (D:10)
  A howler monkey zombie (D:11)
  20 adders
  3 gnolls (D:3)
  3 worker ant zombies
  A howler monkey skeleton (D:6)
  5 river rats (Sewer)
  5 shadow imps
  2 oozes
  An adder zombie (D:8)
  14 dart slugs
  A worm (Lair:6)
  8 leopard geckos
  72 orcs
  3 ball pythons
  A giant cockroach (shapeshifter) (D:15)
  11 giant cockroaches
  7 goblins
  8 hobgoblins
  15 jackals
  4 quokkas
  7 bats
  6 frilled lizards
  A jackal skeleton (D:4)
  11 kobolds
  43 rats
  A plant (D:9)
921 creatures vanquished.

Vanquished Creatures (collateral kills)
  The ghost of Vajrapani the Fighter, a journeyman TeEn of Trog (D:14)
  A red draconian (Volcano)
  3 salamanders (Volcano)
  A vampire (D:9)
  A hungry ghost (D:11)
  An orc wizard (D:9)
  An orc (D:9)
9 creatures vanquished.

Vanquished Creatures (others)
  An orc wizard (Orc:2)
  5 fungi
  6 plants
12 creatures vanquished.

Grand Total: 942 creatures vanquished

Notes
Turn   | Place    | Note
-------+----------+-------------------------------------------
     0 | D:1      | magipi the Centaur Berserker began the quest for the Orb.
     0 | D:1      | Reached XP level 1. HP: 19/19 MP: 1/1
   235 | D:1      | Reached XP level 2. HP: 26/26 MP: 2/2
   792 | D:2      | Noticed a crimson imp
  1201 | D:2      | Reached XP level 3. HP: 31/31 MP: 3/3
  1451 | D:2      | Reached ** piety under Trog
  1615 | D:2      | Reached XP level 4. HP: 32/38 MP: 4/4
  1986 | D:3      | Reached skill level 5 in Polearms
  2266 | D:3      | Found a stormy altar of Qazlal.
  2286 | D:3      | Reached XP level 5. HP: 42/45 MP: 5/5
  2326 | D:3      | Noticed a centaur
  2343 | D:3      | Killed a centaur
  2404 | D:3      | Found a faded altar of an unknown god.
  2459 | D:3      | Noticed Jessica
  2464 | D:3      | Killed Jessica
  2464 | D:3      | Reached skill level 1 in Bows
  2467 | D:3      | Reached XP level 6. HP: 48/51 MP: 6/6
  2555 | D:3      | Found a sacrificial altar of Ru.
  2973 | D:4      | Reached skill level 2 in Bows
  3007 | D:4      | Found a glowing drain.
  3016 | Sewer    | Entered a sewer
  3090 | Sewer    | Reached *** piety under Trog
  3620 | Sewer    | Reached skill level 3 in Bows
  4210 | D:4      | Reached XP level 7. HP: 34/57 MP: 7/7
  4350 | D:4      | Reached skill level 4 in Bows
  4501 | D:4      | Reached **** piety under Trog
  4784 | D:4      | Reached skill level 5 in Bows
  5107 | D:5      | Entered Level 5 of the Dungeon
  5791 | D:6      | Reached skill level 6 in Bows
  5823 | D:6      | You fall through a shaft!
  6272 | D:6      | Reached XP level 8. HP: 63/63 MP: 8/8
  6530 | D:6      | Reached skill level 7 in Bows
  7074 | D:6      | Found a hide-covered altar of Uskayaw.
  7074 | D:6      | Found an ornate altar of the Wu Jian Council.
  7163 | D:7      | Reached ***** piety under Trog
  7163 | D:7      | Received a gift from Trog
  7189 | D:7      | Found a staircase to the Ecumenical Temple.
  7392 | D:7      | Reached skill level 8 in Bows
  7593 | D:7      | Noticed a hippogriff
  7618 | D:7      | Killed a hippogriff
  7823 | D:7      | Reached skill level 9 in Bows
  7886 | D:7      | Noticed a kobold demonologist
  7907 | D:7      | Killed a kobold demonologist
  7907 | D:7      | Reached XP level 9. HP: 69/69 MP: 9/9
  8000 | D:7      | Found a snail-covered altar of Cheibriados.
  8011 | D:7      | Found a basalt altar of Yredelemnul.
  8539 | D:8      | Noticed Pikel
  8585 | D:8      | Reached skill level 10 in Bows
  8682 | D:8      | Killed Pikel
  8959 | D:8      | Found a white marble altar of Elyvilon.
  8962 | D:8      | Found a shimmering altar of Xom.
  9047 | D:8      | Found a glowing silver altar of Zin.
  9106 | D:8      | Reached skill level 10 in Polearms
  9106 | D:8      | Reached skill level 11 in Bows
  9369 | D:9      | Received a gift from Trog
  9386 | D:9      | Reached XP level 10. HP: 77/77 MP: 10/10
  9556 | D:9      | Reached skill level 12 in Bows
  9676 | D:9      | Found a staircase to the Lair.
  9870 | D:9      | Noticed Erolcha
 10191 | D:9      | Found a staircase to the Orcish Mines.
 10516 | D:9      | Received a gift from Trog
 10736 | D:9      | Reached skill level 13 in Bows
 11304 | D:9      | Received a gift from Trog
 11573 | D:10     | Entered Level 10 of the Dungeon
 12248 | D:10     | Noticed a cyclops
 12258 | D:10     | Killed a cyclops
 12258 | D:10     | Reached XP level 11. HP: 38/83 MP: 3/11
 12262 | D:10     | Noticed a two-headed ogre
 12529 | D:10     | Noticed a two-headed ogre
 12545 | D:10     | Killed a two-headed ogre
 12962 | D:10     | Reached skill level 5 in Fighting
 13084 | D:10     | Killed a two-headed ogre
 13191 | D:10     | Noticed a two-headed ogre
 13224 | D:10     | Killed a two-headed ogre
 13722 | D:11     | Paralysed by a hornet for 1 turns
 13813 | D:11     | Noticed a skeletal warrior
 13985 | D:11     | Found a labyrinth entrance.
 14025 | Lab      | Entered a labyrinth
 14205 | Lab      | Noticed a minotaur
 14245 | Lab      | Killed a minotaur
 14245 | Lab      | Reached skill level 5 in Armour
 14299 | D:11     | Received a gift from Trog
 14467 | D:11     | Noticed a brown ugly thing
 14479 | D:11     | Killed a brown ugly thing
 14488 | D:11     | Noticed a skeletal warrior
 14488 | D:11     | Noticed a skeletal warrior
 14488 | D:11     | Noticed a skeletal warrior
 14593 | Lair:1   | Entered Level 1 of the Lair of Beasts
 14949 | Lair:1   | Got a polished ring mail
 15012 | Lair:1   | Reached XP level 12. HP: 101/101 MP: 12/12
 15593 | Lair:2   | Found a staircase to the Swamp.
 15837 | Lair:2   | Identified the cursed +0 ring mail of Patterns {Str+5} (You found it on level 1 of the Lair of Beasts)
 16388 | Lair:2   | Noticed a four-headed hydra
 16407 | Lair:2   | Killed a four-headed hydra
 16875 | Lair:3   | Reached skill level 10 in Fighting
 17928 | Lair:4   | Reached skill level 1 in Evocations
 18052 | Lair:4   | Found a hole to the Spider Nest.
 18493 | Lair:4   | Noticed an eight-headed hydra
 18514 | Lair:4   | Killed a ten-headed hydra
 18691 | Lair:4   | Reached XP level 13. HP: 114/114 MP: 15/15
 19719 | Lair:5   | Found a shadowy altar of Dithmenos.
 19951 | Lair:5   | Reached skill level 5 in Evocations
 20160 | Lair:5   | Received a gift from Trog
 21339 | Lair:6   | Entered Level 6 of the Lair of Beasts
 21355 | Lair:6   | Noticed Sonja
 21466 | Lair:6   | Noticed Sonja
 21466 | Lair:6   | Sonja changed into Sonja the hornet
 21468 | Lair:6   | Paralysed by Sonja for 3 turns
 21476 | Lair:6   | Killed Sonja the hornet
 21730 | Lair:6   | Received a gift from Trog
 21751 | Lair:6   | Found a dark tunnel.
 21760 | Volcano  | Entered a volcano
 21858 | Volcano  | Found a bloodstained altar of Trog.
 21859 | Volcano  | Noticed a red draconian
 21895 | Volcano  | Killed a red draconian
 21895 | Volcano  | Reached skill level 10 in Armour
 22578 | Lair:5   | Reached XP level 14. HP: 122/122 MP: 19/19
 22622 | Lair:5   | Paralysed by a hornet for 3 turns
 22628 | Lair:5   | Reached skill level 5 in Dodging
 22720 | Lair:6   | Reached XP level 15. HP: 66/128 MP: 20/20
 23202 | Lair:6   | Found a staircase to the Slime Pits.
 23540 | Lair:6   | Paralysed by a hornet for 3 turns
 23964 | Lair:6   | Received a gift from Trog
 24516 | Orc:1    | Entered Level 1 of the Orcish Mines
 25146 | Orc:2    | Entered Level 2 of the Orcish Mines
 25782 | Orc:2    | Found a staircase to the Elven Halls.
 25843 | Orc:2    | Received a gift from Trog
 26017 | Orc:2    | Reached skill level 10 in Evocations
 26257 | Orc:2    | Paralysed by an orc sorcerer for 4 turns
 26284 | Orc:2    | Reached ****** piety under Trog
 26339 | Orc:2    | Received a gift from Trog
 26731 | Orc:2    | Found Pafuu's Gadget Shop.
 26731 | Orc:2    | Found Side Xops's Gadget Shoppe.
 26733 | Orc:2    | Found Fiogg's General Store.
 26733 | Orc:2    | Found Egyips's Armour Shop.
 26747 | Orc:2    | Bought a scroll of blinking for 82 gold pieces
 26747 | Orc:2    | Bought a scroll of magic mapping for 38 gold pieces
 26749 | Orc:2    | Bought a wand of paralysis (6) for 112 gold pieces
 26749 | Orc:2    | Bought a wand of paralysis (15) for 238 gold pieces
 26749 | Orc:2    | Bought a wand of acid (13) for 476 gold pieces
 27124 | Orc:1    | Noticed Maurice
 27131 | Orc:2    | Killed Maurice
 27330 | Orc:1    | Noticed Snorg
 27502 | D:11     | wow
 27898 | D:11     | Received a gift from Trog
 28252 | D:12     | Noticed Kirke
 28268 | D:12     | Killed Kirke
 28522 | D:12     | Found an iron altar of Okawaru.
 29377 | D:13     | Found a glowing golden altar of the Shining One.
 29815 | D:13     | Found Zargh's Food Boutique.
 29939 | D:13     | Reached skill level 14 in Bows
 29939 | D:13     | Reached XP level 16. HP: 133/135 MP: 24/24
 30506 | D:14     | Found Fuoric's Distillery.
 30519 | D:14     | Bought 2 potions of agility for 112 gold pieces
 30519 | D:14     | Bought a potion of heal wounds for 70 gold pieces
 30519 | D:14     | Bought a potion of heal wounds for 70 gold pieces
 30519 | D:14     | Bought a potion of heal wounds for 70 gold pieces
 30519 | D:14     | Bought a potion of agility for 56 gold pieces
 30716 | D:14     | Found a gate to the Vaults.
 30849 | D:14     | Noticed Vajrapani's ghost (journeyman TeEn)
 30872 | D:14     | Killed Vajrapani's ghost
 31055 | D:14     | Received a gift from Trog
 31282 | D:14     | wow
 31328 | D:14     | Found Sugh's Distillery.
 31336 | D:14     | Bought a potion of curing for 36 gold pieces
 31336 | D:14     | Bought a potion of heal wounds for 60 gold pieces
 31336 | D:14     | Bought a potion of haste for 120 gold pieces
 31471 | D:15     | Entered Level 15 of the Dungeon
 32182 | D:15     | Found a staircase to the Depths.
 32186 | D:15     | Got a scorched pewter ring
 32191 | D:15     | Identified the ring "Riymo" {Str+2 Int+6} (You found it on level 15 of the Dungeon)
 32877 | Swamp:1  | Entered Level 1 of the Swamp
 33848 | Swamp:2  | Received a gift from Trog
 33968 | Swamp:2  | Got a fine tin ring
 33969 | Swamp:2  | Identified the ring of Luvoiju {*Drain +Inv rPois MR+} (You found it on level 2 of the Swamp)
 34600 | Swamp:3  | Found a stormy altar of Qazlal.
 35376 | Swamp:2  | Reached XP level 17. HP: 131/141 MP: 25/25
 35868 | Swamp:4  | Entered Level 4 of the Swamp
 35953 | Swamp:4  | Received a gift from Trog
 35971 | Swamp:3  | Reached skill level 15 in Bows
 36777 | Swamp:4  | Received a gift from Trog
 36964 | Swamp:4  | Noticed the 27-headed Lernaean hydra
 36980 | Swamp:4  | Killed the 27-headed Lernaean hydra
 37546 | Swamp:4  | Reached skill level 16 in Bows
 37614 | Swamp:4  | Got a decaying rune of Zot
 37962 | Vaults:1 | Entered Level 1 of the Vaults
 38143 | Vaults:1 | Found a blossoming altar of Fedhas.
 38156 | Vaults:1 | Slain by an orc warrior

Skill      XL: |  1  2  3  4  5  6  7  8  9 10 11 12 13 14 15 16 17 |
---------------+----------------------------------------------------+-----
Polearms       | 3 4 5 6 7 9 10 11 13 14 | 14.0
Bows           | 1 3 6 9 11 13 14 16 | 16.1
Armour         | 2 5 8 10 11 | 11.9
Fighting       | 8 10 | 10.4
Evocations     | 3 7 11 | 11.0
Dodging        | 4 5 8 9 |  9.3

Action                   |  1- 3 |  4- 6 |  7- 9 | 10-12 | 13-15 | 16-18 || total
-------------------------+-------+-------+-------+-------+-------+-------++-------
Melee: Spear             |   170 |   352 |   185 |    96 |       |       ||   803
       Kick              |    35 |    69 |    56 |    96 |   186 |   143 ||   585
       Halberd           |       |       |       |   217 |       |       ||   217
       Glaive            |       |       |       |    17 |   146 |       ||   163
       Demon trident     |       |       |       |       |   549 |   415 ||   964
       Shortbow          |       |       |       |       |     1 |       ||     1
 Fire: Shortbow          |       |     3 |   265 |   791 |  1057 |   127 ||  2243
       Longbow           |       |       |       |       |       |   594 ||   594
Invok: Berserk           |       |     2 |     5 |     3 |     8 |     4 ||    22
       Burn Spellbooks   |       |       |     2 |     1 |     4 |     1 ||     8
       Brothers in Arms  |       |       |       |     1 |     1 |     1 ||     3
       Trog's Hand       |       |       |       |       |     6 |     1 ||     7
Evoke: Wand              |       |       |     2 |     2 |    23 |    24 ||    51
  Use: Scroll            |       |    10 |    11 |    16 |     9 |    15 ||    61
       Potion            |       |     1 |     1 |     2 |     2 |     3 ||     9
 Stab: Paralysed         |       |       |       |       |     3 |       ||     3
  Eat: Chunk             |     1 |     9 |     7 |    14 |    25 |    12 ||    68
       Ration            |       |       |     3 |     4 |     4 |     4 ||    15
Armor: Animal skin       |    42 |       |       |       |       |       ||    42
       Plate armour      |    34 |   130 |   130 |    85 |       |       ||   379
       Skin              |       |     6 |       |       |       |       ||     6
       Steam dragon scal |       |       |       |    35 |    66 |       ||   101
       Leather armour    |       |       |       |    15 |    86 |       ||   101
       Chain mail        |       |       |       |       |   137 |    23 ||   160
       Gold dragon scale |       |       |       |       |       |   513 ||   513
Dodge: Dodged            |    36 |    53 |    25 |   109 |   304 |   156 ||   683

Action                   |  1- 3 |  4- 6 |  7- 9 | 10-12 | 13-15 | 16-18 || total
-------------------------+-------+-------+-------+-------+-------+-------++-------
Melee: Spear             |   170 |   352 |   185 |    96 |       |       ||   803
       Kick              |    35 |    69 |    56 |    96 |   186 |   143 ||   585
       Halberd           |       |       |       |   217 |       |       ||   217
       Glaive            |       |       |       |    17 |   146 |       ||   163
       Demon trident     |       |       |       |       |   549 |   415 ||   964
       Shortbow          |       |       |       |       |     1 |       ||     1
 Fire: Shortbow          |       |     3 |   265 |   791 |  1057 |   127 ||  2243
       Longbow           |       |       |       |       |       |   594 ||   594
Invok: Berserk           |       |     2 |     5 |     3 |     8 |     4 ||    22
       Burn Spellbooks   |       |       |     2 |     1 |     4 |     1 ||     8
       Brothers in Arms  |       |       |       |     1 |     1 |     1 ||     3
       Trog's Hand       |       |       |       |       |     6 |     1 ||     7
Evoke: Wand              |       |       |     2 |     2 |    23 |    24 ||    51
  Use: Scroll            |       |    10 |    11 |    16 |     9 |    15 ||    61
       Potion            |       |     1 |     1 |     2 |     2 |     3 ||     9
 Stab: Paralysed         |       |       |       |       |     3 |       ||     3
  Eat: Chunk             |     1 |     9 |     7 |    14 |    25 |    12 ||    68
       Ration            |       |       |     3 |     4 |     4 |     4 ||    15
Armor: Animal skin       |    42 |       |       |       |       |       ||    42
       Plate armour      |    34 |   130 |   130 |    85 |       |       ||   379
       Skin              |       |     6 |       |       |       |       ||     6
       Steam dragon scal |       |       |       |    35 |    66 |       ||   101
       Leather armour    |       |       |       |    15 |    86 |       ||   101
       Chain mail        |       |       |       |       |   137 |    23 ||   160
       Gold dragon scale |       |       |       |       |       |   513 ||   513
Dodge: Dodged            |    36 |    53 |    25 |   109 |   304 |   156 ||   683
